 Dungeon Crawl Stone Soup version 0.23.1 (webtiles) character file.

Game seed: 5140397321349670285

2488 PentaManta the Nimble (level 9, -1/57 HPs)
             Began as a Kobold Berserker on Mar 11, 2019.
             Was a Priest of Trog.
             Slain by an unseen horror (6 damage)
             ... on level 7 of the Dungeon.
             The game lasted 00:32:53 (7884 turns).

PentaManta the Nimble (Kobold Berserker)            Turns: 7884, Time: 00:32:54

Health: -1/57      AC:  5    Str: 19    XL:     9   Next: 81%
Magic:  9/9        EV: 21    Int:  9    God:    Trog [***...]
Gold:   144        SH:  0    Dex: 14    Spells: 8/8 levels left

rFire    . . .     SeeInvis .   r - +0 short sword
rCold    + . .     Gourm    .   (shield restricted)
rNeg     . . .     Faith    .   g - +2 leather armour {rF+}
rPois    .         Spirit   .   (no helmet)
rElec    .         Reflect  .   d - scarf {cloud immunity}
rCorr    .         Harm     .   (no gloves)
MR       ++...                  (no boots)
Stlth    +.........             (no amulet)
HPRegen  1.19/turn              e - +2 ring of strength
MPRegen  0.11/turn              p - ring of ice

@: regenerating, lightly drained
A: small, carnivore
a: Berserk, Trog's Hand, Renounce Religion


You were on level 7 of the Dungeon.
You worshipped Trog.
Trog was most pleased with you.
You were not hungry.

You visited 2 branches of the dungeon, and saw 8 of its levels.

You collected 254 gold pieces.
You spent 110 gold pieces at shops.

Inventory:

Hand Weapons
 r - a +0 short sword (weapon)
Missiles
 s - a throwing net (quivered)
Armour
 d - a scarf of cloud immunity (worn)
 g - a +2 leather armour of fire resistance (worn)
Jewellery
 e - a +2 ring of strength (left hand)
 p - a ring of ice (right hand)
Wands
 b - a wand of polymorph (10)
 q - a wand of flame (24)
Scrolls
 m - 4 scrolls of teleportation
 n - 6 scrolls of remove curse
Potions
 h - a potion of berserk rage
 i - a potion of magic
 j - a potion of cancellation
 l - a potion of lignification
 o - 2 potions of haste
Comestibles
 c - 7 rations


   Skills:
 + Level 7.6(7.1) Fighting
 * Level 9.6(9.1) Short Blades
 - Level 1.5(1.1) Armour
 + Level 10.5(10.0) Dodging


You had 8 spell levels left.
You didn't know any spells.
Your spell library was empty.

Dungeon Overview and Level Annotations

Branches:
Dungeon (7/15)             Temple (1/1) D:5

Altars:
Ashenzari
Cheibriados
Elyvilon
Fedhas
Gozag
Hepliaklqana
Kikubaaqudgha
Makhleb
Nemelex Xobeh
Okawaru
Qazlal
Sif Muna
Trog
Uskayaw
Vehumet
Wu Jian
Xom
Yredelemnul
Zin

Shops:
D:4 ?


Innate Abilities, Weirdness & Mutations

You are small and have problems with some larger weapons.
You are carnivorous and can eat meat at any time.


Message History

Something hits you but does no damage.
You hit something. Something hits you.
* * * LOW HITPOINT WARNING * * *
You feel better. Something hits you but does no damage. Something misses you.
You closely miss something. Something hits you!
* * * LOW HITPOINT WARNING * * *
Something closely misses you.
Okay, then.
Evoke which item? (* to show all) (? for menu, Esc to quit)
Aiming: Throw Flame
Press: ? - help, Shift-Dir - straight line The puff of flame hits something but does no damage.
Something hits you!
* * * LOW HITPOINT WARNING * * *
Something hits you.
* * * LOW HITPOINT WARNING * * *
Your skin crawls.
You feel resistant to hostile enchantments.
You feel somewhat more hungry. Something hits you.
You die...

##..## #..#.# #........
.....###....# #........
.....'.#.#..# #........
.....#.#.#..# # #[....... #.
.....#.#.#^.# .# #........ #.
.....#.#.#..#..# #.#+#'#+###.
.....#.#.##.#..# #.#.#.....#.
.....#.#.......#######+#.#.....#.
.....#.#..).....@..(...........#.
..........)..............##....#.
.##.#####..............)###....#'
.##......[...>............'......
.##.#######################......
)#.........#..............'......
.#..######.#.##############......
........# #...................).
.#..###.# #..##############.....


There were no monsters in sight!

Vanquished Creatures
  The ghost of harness the Destroyer, a novice DEVM (D:5)
  Menkaure (D:7)
  Edmund (D:4)
  An orc warrior (D:6)
  2 sky beasts (D:5)
  A phantom (D:6)
  An ice beast (D:2)
  An ogre (D:6)
  3 centaurs
  A bullfrog (D:6)
  A scorpion (D:7)
  3 wights (D:7)
  2 crimson imps (D:5)
  A jelly (D:5)
  Crazy Yiuf (D:2)
  A hound (D:4)
  A gnoll shaman (D:6)
  2 orc priests
  5 orc wizards
  Ijyb (D:3)
  Terence (D:2)
  3 iguanas
  2 worker ants
  10 gnolls
  2 howler monkey skeletons
  11 adders
  A shadow imp (D:7)
  3 oozes
  2 worms
  A dart slug (D:1)
  4 leopard geckos
  22 orcs
  6 giant cockroaches
  7 hobgoblins
  4 jackals (D:6)
  8 kobolds
  A quokka (D:3)
  2 ball pythons (D:2)
  8 bats
  2 frilled lizards
  10 goblins
  A jackal skeleton (D:5)
  12 rats
154 creatures vanquished.

Notes
Turn   | Place    | Note
-------+----------+-------------------------------------------
     0 | D:1      | PentaManta the Kobold Berserker began the quest for the
                  | Orb.
     0 | D:1      | Reached XP level 1. HP: 14/14 MP: 1/1
   253 | D:1      | Reached skill level 3 in Dodging
   253 | D:1      | Reached XP level 2. HP: 9/19 MP: 2/2
   451 | D:1      | Reached XP level 3. HP: 11/23 MP: 3/3
  1286 | D:1      | Found a sparkling altar of Nemelex Xobeh.
  1420 | D:2      | Noticed Terence
  1429 | D:2      | Killed Terence
  1429 | D:2      | Reached skill level 4 in Dodging
  1429 | D:2      | Reached XP level 4. HP: 25/29 MP: 4/4
  1770 | D:2      | Reached ** piety under Trog
  1845 | D:2      | Found a runed translucent door.
  1846 | D:2      | Noticed Crazy Yiuf
  1930 | D:2      | Found a hazy altar of Hepliaklqana.
  1930 | D:2      | Found an ancient bone altar of Kikubaaqudgha.
  2109 | D:2      | Noticed an ice beast
  2124 | D:2      | Killed an ice beast
  2124 | D:2      | Reached skill level 5 in Short Blades
  2124 | D:2      | Reached skill level 5 in Dodging
  2124 | D:2      | Reached XP level 5. HP: 33/33 MP: 5/5
  2281 | D:2      | Killed Crazy Yiuf
  2281 | D:2      | Reached XP level 6. HP: 39/39 MP: 6/6
  2520 | D:3      | Noticed Ijyb
  2532 | D:3      | Killed Ijyb
  2712 | D:3      | Found a faded altar of an unknown god.
  2720 | D:3      | Found a snail-covered altar of Cheibriados.
  3465 | D:4      | Reached skill level 6 in Dodging
  3505 | D:4      | Reached *** piety under Trog
  3505 | D:4      | Reached XP level 7. HP: 20/44 MP: 7/7
  3582 | D:4      | Reached skill level 5 in Fighting
  3693 | D:4      | Found an iron altar of Okawaru.
  4020 | D:4      | Noticed Edmund
  4036 | D:4      | Killed Edmund
  4036 | D:4      | Reached skill level 7 in Dodging
  4036 | D:4      | Reached XP level 8. HP: 50/50 MP: 8/8
  4304 | D:4      | Found Heixt's Magic Scroll Emporium.
  4312 | D:4      | Bought 2 scrolls of identify for 40 gold pieces
  4312 | D:4      | Bought a scroll of identify for 20 gold pieces
  4312 | D:4      | Bought a scroll of identify for 20 gold pieces
  4312 | D:4      | Bought a scroll of remove curse for 30 gold pieces
  4498 | D:5      | Entered Level 5 of the Dungeon
  4589 | D:5      | Found a white marble altar of Elyvilon.
  4878 | D:5      | Found a staircase to the Ecumenical Temple.
  4925 | D:5      | Reached skill level 8 in Dodging
  4991 | Temple   | Entered the Ecumenical Temple
  5167 | D:5      | Found a runed translucent gate.
  5167 | D:5      | Found a runed translucent gate.
  5167 | D:5      | Found a runed translucent gate.
  5171 | D:5      | Noticed harness's ghost (novice DEVM)
  5628 | D:5      | Found a basalt altar of Yredelemnul.
  5744 | D:5      | Killed harness's ghost
  5744 | D:5      | Reached skill level 9 in Dodging
  5744 | D:5      | Reached XP level 9. HP: 10/56 MP: 9/9
  6088 | D:6      | Received a gift from Trog
  6281 | D:6      | Found a deep blue altar of Sif Muna.
  6592 | D:6      | Reached skill level 10 in Dodging
  7474 | D:7      | Found a stormy altar of Qazlal.
  7536 | D:7      | Noticed Menkaure
  7543 | D:7      | Killed Menkaure
  7884 | D:7      | Slain by an unseen horror

Skill      XL: |  1  2  3  4  5  6  7  8  9 |
---------------+----------------------------+-----
Dodging        | 3 4 5 6 7 9 10 | 10.5
Fighting       | 4 5 6 7 |  7.6
Short Blades   | 5 6 7 9 |  9.6
Armour         | |  1.5

Action                   |  1- 3 |  4- 6 |  7- 9 || total
-------------------------+-------+-------+-------++-------
Melee: Short sword       |   101 |   212 |   213 ||   526
       Dagger            |       |       |   367 ||   367
Throw: Throwing net      |       |       |     2 ||     2
Invok: Berserk           |     1 |     5 |    21 ||    27
       Trog's Hand       |       |     1 |    10 ||    11
Evoke: Wand              |       |       |     2 ||     2
  Use: Scroll            |       |     7 |     9 ||    16
       Potion            |       |       |    10 ||    10
 Stab: Sleeping          |     1 |     1 |       ||     2
  Eat: Chunk             |     9 |     5 |    35 ||    49
       Ration            |       |       |     3 ||     3
Armor: Animal skin       |     8 |    20 |       ||    28
       Leather armour    |       |    17 |    70 ||    87
Dodge: Dodged            |    66 |   204 |   403 ||   673
